[ AOE2 MATCH · #506413657 ]
UnrankedBurgundians vs Incas
Rival team · LOSS
[ REPLAY ANALYSIS · EXTRACTED FROM THE RECORDED GAME ]
Feudal
9:22
Castle
22:19
Imperial
—
| APM avg | 79.5 |
| APM peak | 113 |
| eAPM avg | 34.9 |
| Villagers / military | 88 / 31 |
Focus
⚔️ 44.0% · 🌾 56.0%
Archer ×24 · Scout Cavalry ×5 · Knight ×1 · Mangonel ×1
Feudal
9:17
Castle
27:23
Imperial
—
| APM avg | 64.0 |
| APM peak | 83 |
| eAPM avg | 32.6 |
| Villagers / military | 97 / 27 |
Focus
⚔️ 26.1% · 🌾 73.9%
Archer ×17 · Unknown (2550) ×8 · Skirmisher ×6 · Spearman ×4
Match map
Initial resources + every placement click. Lines = walls · curves = elevation contours. ◆ gold · ⬟ stone · ● berries · ✦ relic · ◌ wall gap
Your base· Open — unwalled flank
Poncho's base· Open — 4t gap
Smoothed initial terrain · ◌ = detected wall gap · hover for details
Inputs per minute
— Hackali - - Poncho
Build order — Hackali
First 150 of 245 actions detected
| 0:00 | Create | Villager (Male) |
| 0:01 | Build | House |
| 0:02 | Build | House |
| 0:03 | Create | Villager (Male) |
| 0:04 | Create | Villager (Male) |
| 0:15 | Create | Villager (Male) |
| 1:17 | Create | Villager (Male) |
| 1:17 | Create | Villager (Male) |
| 2:00 | Create | Villager (Male) |
| 2:20 | Create | Villager (Male) |
| 2:20 | Create | Villager (Male) |
| 2:25 | Build | Lumber Camp |
| 2:50 | Create | Villager (Male) |
| 2:50 | Create | Villager (Male) |
| 3:14 | Research | Double-Bit Axe |
| 3:15 | Research | Double-Bit Axe |
| 3:19 | Create | Villager (Male) |
| 3:21 | Create | Villager (Male) |
| 3:48 | Build | House |
| 3:52 | Create | Villager (Male) |
| 3:52 | Create | Villager (Male) |
| 4:25 | Create | Villager (Male) |
| 4:25 | Create | Villager (Male) |
| 4:27 | Create | Villager (Male) |
| 4:27 | Create | Villager (Male) |
| 4:30 | Build | House |
| 4:35 | Build | House |
| 4:56 | Create | Villager (Male) |
| 5:06 | Build | House |
| 5:10 | Research | Double-Bit Axe |
| 5:42 | Create | Villager (Male) |
| 5:53 | Build | Palisade Wall |
| 5:59 | Build | Mill |
| 6:04 | Build | Mill |
| 6:16 | Create | Villager (Male) |
| 6:34 | Build | Palisade Wall |
| 6:47 | Research | Loom |
| 6:54 | Build | Palisade Wall |
| 7:11 | Research | Feudal Age |
| 7:16 | Build | Palisade Wall |
| 7:18 | Build | Palisade Wall |
| 7:41 | Build | Palisade Wall |
| 7:41 | Build | Palisade Wall |
| 7:41 | Build | Palisade Wall |
| 7:41 | Build | Palisade Wall |
| 7:43 | Build | Palisade Wall |
| 7:43 | Build | Palisade Wall |
| 7:46 | Build | Palisade Wall |
| 8:02 | Build | Palisade Wall |
| 8:03 | Create | Villager (Male) |
| 8:23 | Build | Palisade Gate |
| 9:07 | Build | Barracks |
| 9:22 | Age | Feudal Age |
| 9:38 | Create | Villager (Male) |
| 9:47 | Build | Palisade Wall |
| 9:52 | Research | Horse Collar |
| 9:58 | Create | Villager (Male) |
| 10:01 | Build | Stable |
| 10:14 | Create | Villager (Male) |
| 10:43 | Create | Scout Cavalry |
| 10:43 | Research | Bow Saw |
| 10:45 | Create | Scout Cavalry |
| 10:50 | Create | Villager (Male) |
| 10:50 | Create | Villager (Male) |
| 11:13 | Create | Villager (Male) |
| 11:15 | Build | Farm |
| 11:18 | Build | Farm |
| 11:23 | Create | Scout Cavalry |
| 11:24 | Create | Villager (Male) |
| 11:40 | Create | Villager (Male) |
| 11:46 | Build | Farm |
| 11:47 | Build | Farm |
| 12:05 | Build | Watch Tower |
| 12:18 | Create | Villager (Male) |
| 12:31 | Create | Scout Cavalry |
| 12:32 | Create | Villager (Male) |
| 12:34 | Build | House |
| 12:41 | Create | Villager (Male) |
| 12:43 | Build | House |
| 13:09 | Create | Scout Cavalry |
| 13:25 | Build | Farm |
| 13:32 | Create | Villager (Male) |
| 13:51 | Build | Farm |
| 14:24 | Create | Villager (Male) |
| 14:25 | Build | Farm |
| 14:42 | Build | Mining Camp |
| 14:42 | Create | Villager (Male) |
| 14:51 | Create | Villager (Male) |
| 14:52 | Build | Archery Range |
| 14:54 | Create | Villager (Male) |
| 14:55 | Build | Farm |
| 14:56 | Create | Villager (Male) |
| 14:57 | Build | Farm |
| 14:57 | Build | Farm |
| 14:58 | Build | Farm |
| 14:58 | Build | Farm |
| 14:58 | Build | Farm |
| 14:58 | Build | Farm |
| 15:15 | Build | House |
| 15:15 | Build | House |
| 15:28 | Build | House |
| 15:56 | Build | Farm |
| 15:56 | Build | Farm |
| 15:57 | Create | Archer |
| 16:25 | Create | Archer |
| 16:28 | Build | Farm |
| 16:29 | Build | Farm |
| 16:35 | Build | House |
| 16:39 | Create | Villager (Male) |
| 16:45 | Create | Villager (Male) |
| 17:00 | Create | Villager (Male) |
| 17:15 | Create | Villager (Male) |
| 17:21 | Build | Blacksmith |
| 17:24 | Build | House |
| 17:28 | Create | Villager (Male) |
| 17:39 | Create | Archer |
| 17:46 | Build | Mining Camp |
| 17:50 | Build | House |
| 18:08 | Create | Villager (Male) |
| 18:11 | Research | Fletching |
| 18:14 | Create | Archer |
| 18:22 | Build | House |
| 18:23 | Build | House |
| 18:28 | Create | Villager (Male) |
| 18:28 | Build | Farm |
| 18:34 | Create | Archer |
| 18:52 | Build | Mining Camp |
| 18:57 | Create | Archer |
| 19:14 | Create | Villager (Male) |
| 19:22 | Create | Archer |
| 19:37 | Research | Castle Age |
| 20:09 | Create | Archer |
| 20:18 | Build | House |
| 20:21 | Build | Market |
| 20:28 | Create | Archer |
| 20:53 | Create | Archer |
| 21:03 | Build | House |
| 21:04 | Build | House |
| 21:04 | Create | Villager (Male) |
| 21:06 | Build | Palisade Wall |
| 21:09 | Create | Archer |
| 21:15 | Build | Farm |
| 21:19 | Research | Gold Mining |
| 21:19 | Research | Gold Mining |
| 21:20 | Create | Villager (Male) |
| 21:29 | Build | Palisade Wall |
| 21:30 | Build | House |
| 21:40 | Create | Archer |
| 21:48 | Build | Palisade Wall |
| 22:12 | Build | House |
Build order — Poncho
First 150 of 216 actions detected
| 0:00 | Create | Villager (Male) |
| 0:01 | Create | Villager (Male) |
| 0:02 | Build | House |
| 0:03 | Build | House |
| 0:28 | Create | Villager (Male) |
| 0:28 | Create | Villager (Male) |
| 1:33 | Create | Villager (Male) |
| 2:01 | Create | Villager (Male) |
| 2:19 | Create | Villager (Male) |
| 2:40 | Build | Settlement |
| 2:48 | Create | Villager (Male) |
| 3:10 | Create | Villager (Male) |
| 3:12 | Create | Villager (Male) |
| 4:12 | Create | Villager (Male) |
| 4:29 | Create | Villager (Male) |
| 4:37 | Create | Villager (Male) |
| 4:37 | Create | Villager (Male) |
| 5:14 | Create | Villager (Male) |
| 5:36 | Create | Villager (Male) |
| 5:36 | Research | Loom |
| 5:47 | Create | Villager (Male) |
| 6:23 | Build | Barracks |
| 7:01 | Research | Feudal Age |
| 7:01 | Research | Feudal Age |
| 7:10 | Create | Unit 2550 |
| 7:35 | Create | Unit 2550 |
| 8:08 | Build | Settlement |
| 8:14 | Create | Villager (Male) |
| 9:11 | Create | Unit 2550 |
| 9:12 | Create | Villager (Male) |
| 9:13 | Create | Villager (Male) |
| 9:17 | Age | Feudal Age |
| 9:21 | Build | Archery Range |
| 9:34 | Create | Unit 2550 |
| 9:50 | Create | Villager (Male) |
| 9:56 | Create | Villager (Male) |
| 10:00 | Build | Settlement |
| 10:08 | Create | Skirmisher |
| 10:11 | Create | Villager (Male) |
| 10:13 | Build | Farm |
| 10:42 | Build | Farm |
| 10:54 | Create | Archer |
| 11:01 | Create | Villager (Male) |
| 11:14 | Create | Villager (Male) |
| 11:21 | Create | Villager (Male) |
| 11:28 | Build | Watch Tower |
| 11:29 | Create | Villager (Male) |
| 11:30 | Create | Villager (Male) |
| 11:30 | Create | Villager (Male) |
| 11:38 | Research | Double-Bit Axe |
| 11:39 | Create | Villager (Male) |
| 11:53 | Create | Villager (Male) |
| 11:53 | Create | Villager (Male) |
| 11:58 | Build | Farm |
| 12:35 | Create | Villager (Male) |
| 12:49 | Create | Villager (Male) |
| 12:49 | Create | Villager (Male) |
| 12:52 | Create | Archer |
| 13:12 | Create | Villager (Male) |
| 13:14 | Build | Farm |
| 13:16 | Create | Spearman |
| 13:36 | Build | House |
| 13:40 | Create | Archer |
| 14:30 | Create | Archer |
| 14:31 | Create | Villager (Male) |
| 14:35 | Build | Blacksmith |
| 14:41 | Build | Watch Tower |
| 14:46 | Create | Villager (Male) |
| 15:00 | Research | Tech 1402 |
| 15:01 | Create | Spearman |
| 15:04 | Build | House |
| 15:06 | Build | Palisade Wall |
| 15:11 | Build | House |
| 15:12 | Create | Archer |
| 15:37 | Build | House |
| 15:40 | Build | Palisade Wall |
| 16:00 | Create | Spearman |
| 16:02 | Build | Farm |
| 16:03 | Create | Villager (Male) |
| 16:03 | Create | Villager (Male) |
| 16:12 | Create | Villager (Male) |
| 16:22 | Build | Farm |
| 16:28 | Build | Farm |
| 16:30 | Create | Archer |
| 16:30 | Create | Archer |
| 16:32 | Create | Villager (Male) |
| 16:40 | Build | Watch Tower |
| 16:49 | Create | Villager (Male) |
| 17:01 | Research | Fletching |
| 17:01 | Research | Fletching |
| 17:04 | Build | House |
| 17:05 | Create | Villager (Male) |
| 17:05 | Create | Villager (Male) |
| 17:17 | Create | Unit 2550 |
| 17:17 | Create | Unit 2550 |
| 17:20 | Create | Archer |
| 17:29 | Create | Villager (Male) |
| 17:57 | Build | Farm |
| 18:11 | Create | Villager (Male) |
| 18:11 | Create | Villager (Male) |
| 18:30 | Build | Settlement |
| 18:42 | Create | Unit 2550 |
| 18:42 | Create | Unit 2550 |
| 18:48 | Build | Farm |
| 18:49 | Build | Farm |
| 18:49 | Build | Farm |
| 18:50 | Create | Villager (Male) |
| 18:51 | Build | Farm |
| 18:52 | Create | Villager (Male) |
| 18:57 | Build | Palisade Gate |
| 19:16 | Build | Watch Tower |
| 19:30 | Build | Watch Tower |
| 19:34 | Create | Villager (Male) |
| 19:36 | Create | Villager (Male) |
| 19:42 | Create | Villager (Male) |
| 19:47 | Build | Farm |
| 19:47 | Create | Villager (Male) |
| 19:48 | Build | Farm |
| 19:51 | Create | Archer |
| 19:52 | Create | Archer |
| 19:52 | Create | Archer |
| 20:15 | Build | Archery Range |
| 20:20 | Research | Padded Archer Armor |
| 20:34 | Create | Villager (Male) |
| 20:37 | Build | Farm |
| 20:38 | Build | Farm |
| 21:04 | Create | Villager (Male) |
| 21:05 | Create | Villager (Male) |
| 21:10 | Build | Palisade Wall |
| 21:16 | Create | Villager (Male) |
| 21:31 | Create | Villager (Male) |
| 21:35 | Build | Farm |
| 21:35 | Build | Farm |
| 21:35 | Build | Farm |
| 21:35 | Build | Farm |
| 21:46 | Create | Archer |
| 21:47 | Create | Skirmisher |
| 21:57 | Build | Watch Tower |
| 22:39 | Create | Villager (Male) |
| 22:40 | Create | Villager (Male) |
| 22:41 | Create | Villager (Male) |
| 22:46 | Build | House |
| 22:50 | Build | Market |
| 23:44 | Create | Villager (Male) |
| 23:58 | Build | Watch Tower |
| 24:24 | Build | Farm |
| 24:25 | Build | Farm |
| 24:40 | Build | Watch Tower |
| 24:43 | Research | Castle Age |
| 24:49 | Create | Archer |
Match timeline
| 5:53 | Hackali · wall_segment Palisade Wall x5 |
| 6:23 | Poncho · first_building Barracks |
| 6:34 | Hackali · wall_segment Palisade Wall x5 |
| 6:54 | Hackali · wall_segment Palisade Wall x9 |
| 7:16 | Hackali · wall_segment Palisade Wall x3 |
| 7:18 | Hackali · wall_segment Palisade Wall x12 |
| 7:41 | Hackali · wall_segment Palisade Wall x2 |
| 7:41 | Hackali · wall_segment Palisade Wall x1 |
| 7:41 | Hackali · wall_segment Palisade Wall x1 |
| 7:41 | Hackali · wall_segment Palisade Wall x1 |
| 7:43 | Hackali · wall_segment Palisade Wall x9 |
| 7:43 | Hackali · wall_segment Palisade Wall x1 |
| 7:46 | Hackali · wall_segment Palisade Wall x19 |
| 8:02 | Hackali · wall_segment Palisade Wall x4 |
| 9:07 | Hackali · first_building Barracks |
| 9:17 | Poncho · age_up feudal |
| 9:21 | Poncho · first_building Archery Range |
| 9:22 | Hackali · age_up feudal |
| 9:47 | Hackali · wall_segment Palisade Wall x1 |
| 10:01 | Hackali · first_building Stable |
| 14:52 | Hackali · first_building Archery Range |
| 15:06 | Poncho · wall_segment Palisade Wall x5 |
| 15:40 | Poncho · wall_segment Palisade Wall x1 |
| 21:06 | Hackali · wall_segment Palisade Wall x8 |
| 21:10 | Poncho · wall_segment Palisade Wall x8 |
| 21:29 | Hackali · wall_segment Palisade Wall x1 |
| 21:48 | Hackali · wall_segment Palisade Wall x4 |
| 22:19 | Hackali · age_up castle |
| 23:02 | Hackali · first_building Siege Workshop |
| 24:23 | Hackali · first_market_sell 100 food |
| 24:24 | Hackali · first_market_buy 100 wood |
| 25:21 | Poncho · wall_segment Palisade Wall x1 |
| 26:33 | Poncho · wall_segment Palisade Wall x1 |
| 26:34 | Poncho · wall_segment Palisade Wall x1 |
| 27:23 | Poncho · age_up castle |
| 27:57 | Poncho · first_building Siege Workshop |
| 28:44 | Hackali · first_building Castle |
| 30:45 | Poncho · resign |
[ AI ANALYSIS · 1 CREDIT ]
What really happened in this match?
Wolo.gg analyzes every decision: build order, eco, micro, common mistakes by bracket. Personalized analysis on WhatsApp or Discord in 30 seconds.
Civ guide
Burgundians
Perfil
Jugador #3899580